 Dungeon Crawl Stone Soup version 0.31-a0-164-g2312942fda (webtiles) character file.

Game seed: 5433586492390637336

21 testman the Magician (level 3, -7/27 HPs)
             Began as a Djinni Hedge Wizard on June 9, 2023.
             Mangled by Crazy Yiuf
             ... wielding a +2 quarterstaff of chaos
              (13 damage)
             ... on level 2 of the Dungeon on June 13, 2023.
             The game lasted 00:05:52 (618 turns).

testman the Magician (Djinni Hedge Wizard)           Turns: 618, Time: 00:05:53

Health: -7/27      AC:  2    Str:  9    XL:     3   Next: 2%
Gold:   11         EV: 12    Int: 17    God:
                   SH:  0    Dex: 12

rFire   + + .        d - +0 short sword
rCold   x . .        (no shield)
rNeg    . . .        b - +0 robe
rPois   ∞            c - +0 hat
rElec   .            (no cloak)
rCorr   .            (no gloves)
SInv    .            (boots unavailable)
Will    .....        (no amulet)
Stlth   ++           (no ring)
HPRegen 0.24/turn    (no ring)
MPRegen 0.00/turn

%: infuse magic (-8 HP)
@: flying, very slightly contaminated
A: sickness immunity, fire resistance 2, cold vulnerability 1, float, innate
caster, HP casting, extra vitality 1
a: no special abilities


You were on level 2 of the Dungeon.
You visited 1 branch of the dungeon, and saw 2 of its levels.

You collected 11 gold pieces.

Inventory:

Hand Weapons
 a - a +0 dagger
 d - a +0 short sword (weapon)
Missiles
 g - 5 poisoned darts
Armour
 b - a +0 robe (worn)
 c - a +0 hat (worn)
Scrolls
 e - a scroll of immolation {unknown}
 h - a scroll of identify {unknown}
 j - a scroll of enchant armour {unknown}
Potions
 f - a potion of enlightenment {unknown}
 i - a potion of resistance {unknown}


   Skills:
 + Level 1.4 Fighting
 - Level 2.1 Dodging
 - Level 1.5 Stealth
 + Level 3.2 Spellcasting
 + Level 3.2 Conjurations
 + Level 3.2 Hexes
 + Level 3.2 Summonings
 + Level 3.2 Necromancy
 + Level 3.2 Translocations
 + Level 3.2 Transmutations
 + Level 3.2 Fire Magic
 + Level 3.2 Ice Magic
 + Level 3.2 Air Magic
 + Level 3.2 Earth Magic
 + Level 3.2 Poison Magic


You knew the following spells:

 Your Spells              Type           Power      Damage    Failure   Level
a - Magic Dart            Conj           52%        1d5       4%          1
b - Slow                  Hex            52%        N/A       4%          1
c - Blink                 Tloc           26%        N/A       7%          2
d - Call Imp              Summ           26%        N/A       7%          2
e - Mephitic Cloud        Conj/Pois/Air  13%        N/A       14%         3
f - Necrotise             Necr           52%        1d6       4%          1
Your spell library was empty.

Dungeon Overview and Level Annotations

Branches:
Dungeon (2/15)

Altars:

Annotations:
D:2 Crazy Yiuf


Innate Abilities, Weirdness & Mutations

You are immune to sickness and miasma.
You are immune to poison.
Your flesh is very heat resistant. (rF++)
You are vulnerable to cold. (rC-)
You float through the air rather than walking.
You learn spells naturally, not from books.
Your magical power is your life essence.
You have superior vitality. (+4 MHP)


Message History

Unknown command.
Cast which spell? (? or * to list)
A tiny devil pulls itself out of the air.
Crazy Yiuf misses you.
Casting: Call Imp (safe; 7% risk of failure)
Confirm with . or Enter, or press ? or * to list all spells.
Okay, then.
Casting: Call Imp (safe; 7% risk of failure)
Confirm with . or Enter, or press ? or * to list all spells.
You miscast Call Imp.
You are very lightly contaminated with residual magic.
Nothing appears to happen.
Your cerulean imp hits Crazy Yiuf but does no damage.
Crazy Yiuf barely misses you.
Casting: Call Imp (safe; 7% risk of failure)
Confirm with . or Enter, or press ? or * to list all spells.
Aiming: Necrotise (safe; 4% risk of failure)
Press: ? - help, Shift-Dir - straight line Crazy Yiuf writhes in agony.
Your cerulean imp barely misses Crazy Yiuf.
Crazy Yiuf hits you with a +2 quarterstaff of chaos!
You hit Crazy Yiuf.
Crazy Yiuf is moderately wounded.
Your cerulean imp barely misses Crazy Yiuf.
Crazy Yiuf hits you with a +2 quarterstaff of chaos!
* * * LOW HITPOINT WARNING * * *
You hit Crazy Yiuf.
Crazy Yiuf is heavily wounded.
Your cerulean imp hits Crazy Yiuf with a -3 spear.
Crazy Yiuf flaps his cloak.
Crazy Yiuf misses your cerulean imp.
You hit Crazy Yiuf but do no damage.
Crazy Yiuf is almost dead.
Your cerulean imp barely misses Crazy Yiuf.
Crazy Yiuf closely misses you.
You closely miss Crazy Yiuf.
Crazy Yiuf is almost dead.
Your cerulean imp closely misses Crazy Yiuf.
Crazy Yiuf hits you with a +2 quarterstaff of chaos!
You die...

####♣♣ ###
##..#P♣♣ ♣♣#..)#
#....PP♣♣♣♣@g5).#
#.....P)♣..♣#.))#
####...#♣.♣.♣♣♣
### #.....##♣♣♣♣♣
###.###.#
#.....#.#######
#.#..#........#
#......<#.#####
########.......


You could see Crazy Yiuf (ally target) and a friendly cerulean imp (summoned).

Vanquished Creatures
  2 ball pythons (D:1)
  An endoplasm (D:1)
  2 goblins (D:1)
  2 hobgoblins (D:1)
  3 jackals (D:1)
  2 quokkas (D:1)
  A bat (D:1)
  A frilled lizard (D:1)
  2 kobolds (D:1)
  3 rats (D:1)
19 creatures vanquished.

Notes
Turn   | Place    | Note
-------+----------+-------------------------------------------
     0 | D:1      | testman the Djinni Hedge Wizard began the quest for the
                  | Orb.
     0 | D:1      | testman set off with the following spells memorised: Magic
                  | Dart, Slow, Blink, Call Imp, Mephitic Cloud.
     0 | D:1      | Reached XP level 1. HP: 15/15 MP: 0/0
    65 | D:1      | Reached XP level 2. HP: 15/22 MP: 0/0
   151 | D:1      | Reached skill level 1 in Fighting
   342 | D:1      | Upgraded the game from 0.31-a0-152-g6aa68a64a1 to
                  | 0.31-a0-161-gb58dd9be76
   428 | D:1      | Reached XP level 3. HP: 24/27 MP: 0/0
   428 | D:1      | Learned a level 1 spell: Necrotise
   585 | D:1      | Upgraded the game from 0.31-a0-161-gb58dd9be76 to
                  | 0.31-a0-164-g2312942fda
   607 | D:2      | Found a runed translucent door.
   608 | D:2      | Noticed Crazy Yiuf
   618 | D:2      | Mangled by Crazy Yiuf

Illustrated notes

Levels and vault maps discovered:
D:1:      giann_horns, layout_rooms
D:2:      layout_basic, serial_shops, shop, uniq_jessica,
          uniq_crazy_yiuf_cottage

Skill      XL: |  1  2 |
---------------+-------+-----
Spellcasting   | 3 |  3.2
Conjurations   | 3 |  3.2
Hexes          | 3 |  3.2
Summonings     | 3 |  3.2
Necromancy     | 3 |  3.2
Translocations | 3 |  3.2
Transmutations | 3 |  3.2
Fire Magic     | 3 |  3.2
Ice Magic      | 3 |  3.2
Air Magic      | 3 |  3.2
Earth Magic    | 3 |  3.2
Poison Magic   | 3 |  3.2
Fighting       | 1 |  1.4
Dodging        | |  2.1
Stealth        | |  1.5

Action                     || total
---------------------------++-------
  Melee: Short sword       ||    10
   Cast: Magic Dart        ||    39
         Call Imp          ||     1
         Necrotise         ||     1
 Armour: Robe              ||     1
  Dodge: Dodged            ||     7

Table legend: (Time is in decaauts)
 A = Elapsed time spent in this place.
 B = Non-inter-level travel time spent in this place.
 C = Inter-level travel time spent in this place.
 D = Time resting spent in this place.
 E = Time spent auto-exploring this place.
 F = Levels seen in this place.
 G = Mean time per level.
                   A        B        C        D        E       F      G
               +--------+--------+--------+--------+--------+-----+--------+
         Total |    617 |    613 |      4 |      0 |    505 |   2 |  308.5 |
       Dungeon |    617 |    613 |      4 |      0 |    505 |   2 |  308.5 |
               +--------+--------+--------+--------+--------+-----+--------+

Top non-repeatable levels by time:
     D:1: 589 daAuts
     D:2: 27 daAuts
